 Dungeon Crawl Stone Soup version 0.17.1-3-g152610e (webtiles) character file.

1245 kaze the Ducker (level 8, -9/79 HPs)
             Began as a Troll Berserker on Mar 4, 2016.
             Was an Elder of Trog.
             Mangled by bollicks1999's ghost (15 damage)
             ... on level 6 of the Dungeon.
             The game lasted 00:13:45 (4169 turns).

kaze the Ducker (Troll Berserker)                   Turns: 4169, Time: 00:13:45

Health: -9/79      AC:  5    Str: 28    XL:     8   Next: 25%
Magic:  7/7        EV:  9    Int:  3    God:    Trog [****..]
Gold:   310        SH:  8    Dex:  9    Spells: 0 memorised, 7 levels left

rFire  . . .     SeeInvis .     m - +2 trident (venom)
rCold  . . .     Clarity  .     b - +0 animal skin
rNeg   . . .     SustAt   .     f - +0 shield
rPois  .         Gourm    +     (helmet restricted)
rElec  .         Spirit   .     (no cloak)
rCorr  .         Warding  .     (gloves unavailable)
rMut   .         Stasis   .     (boots unavailable)
MR     ++...                    (no amulet)
Stlth  +.........               (no ring)
                                (no ring)

@: exhausted, regenerating, slowed, very slow, very resistant to hostile
enchantments, very unstealthy
A: unfitting armour, claws 3, fast metabolism 3, gourmand, regeneration 2,
shaggy fur 1, tough skin 2
a: Berserk, Trog's Hand, Brothers in Arms, Burn Spellbooks, Renounce Religion


You were on level 6 of the Dungeon.
You worshipped Trog.
Trog was greatly pleased with you.
You were not hungry.

You visited 1 branch of the dungeon, and saw 6 of its levels.
You also visited: Sewer.

You collected 310 gold pieces.

Inventory:

Hand Weapons
 a - a +1 mace
 m - a +2 trident of venom (weapon)
 q - a +2 trident of pain
Missiles
 n - 6 tomahawks (quivered)
Armour
 b - a +0 animal skin (worn)
 f - a +0 shield (worn)
Jewellery
 e - an uncursed ring of magical power
Wands
 t - a wand of draining (6)
Scrolls
 g - a scroll of recharging {unknown}
 h - 3 scrolls of enchant armour {unknown}
 k - a scroll of teleportation
 o - 4 scrolls of random uselessness
 s - 2 scrolls of blinking {unknown}
 u - 2 scrolls of identify
Potions
 d - 3 potions of heal wounds
 i - 2 potions of lignification {unknown}
 l - 2 potions of might
 p - a potion of curing
 r - a potion of agility
 w - a potion of invisibility {unknown}
 x - a potion of cure mutation {unknown}
Comestibles
 c - 3 bread rations
 j - a beef jerky
 v - a meat ration
 z - a chunk of flesh


   Skills:
 + Level 4.4 Fighting
 + Level 4.5 Maces & Flails
 + Level 1.8 Polearms
 + Level 0.5 Throwing
 + Level 6.1 Dodging
 + Level 2.1 Shields


You had 7 spell levels left.
You didn't know any spells.

Dungeon Overview and Level Annotations

Branches:
Dungeon (6/15)
 Temple: D:4-7

Altars:
Kikubaaqudgha
Okawaru
Trog
Vehumet
Yredelemnul

Annotations:
D:6 bollicks1999's ghost, novice MiFi


Innate Abilities, Weirdness & Mutations

You are too large for most types of armour.
You have claws for hands.
Your metabolism is lightning-fast.
You like to eat raw meat.
You heal very quickly.
You are covered in fur (AC +1).
You have very tough skin (AC +2).


Message History

You block bollicks1999's ghost's attack.
You hit bollicks1999's ghost but do no damage.
Bollicks1999's ghost is severely damaged.
You block bollicks1999's ghost's attack.
Bollicks1999's ghost hits you!!
You puncture bollicks1999's ghost!
Bollicks1999's ghost is almost destroyed.
The orc priest looks braver for a moment.
Bollicks1999's ghost hits you but does no damage.
The orc priest miscasts a cantrip.
Bollicks1999's ghost hits you!
* * * LOW HITPOINT WARNING * * *
Your skin crawls.
You feel resistant to hostile enchantments.
You feel slightly more hungry. Bollicks1999's ghost hits you!
* * * LOW HITPOINT WARNING * * *
You hit bollicks1999's ghost but do no damage.
Bollicks1999's ghost is almost destroyed.
Bollicks1999's ghost hits you!
You die...

#..... #...s.
#....# #....#
#....#
..##....#
........######
#.....oosW@#
....##.#######
# #. #. #. #.
##


You could see an orc priest, bollicks1999's ghost, an orc and a giant cockroach.

Vanquished Creatures
  Sigmund (D:4)
  The ghost of kaze the Covered, an amateur HOFi (D:4)
  A phantom (D:4)
  An ogre (D:5)
  A giant frog (D:5)
  A scorpion (D:5)
  2 crimson imps (D:5)
  2 orc priests (D:5)
  A giant frog zombie (D:5)
  2 hounds
  2 orc wizards
  Ijyb (D:2)
  Natasha (D:3)
  A worker ant (D:4)
  13 adders
  A river rat (D:3)
  An adder skeleton (D:3)
  8 oozes (Sewer)
  5 worms
  16 giant geckos
  8 orcs
  8 ball pythons
  15 giant cockroaches
  A hobgoblin (D:1)
  7 jackals (D:1)
  4 kobolds
  6 quokkas
  7 bats
  19 giant newts
  2 gnoll zombies (D:2)
  7 goblins
  A quokka skeleton (D:5)
  13 rats
160 creatures vanquished.

Notes
Turn   | Place    | Note
--------------------------------------------------------------
     0 | D:1      | kaze the Troll Berserker began the quest for the Orb.
     0 | D:1      | Reached XP level 1. HP: 22/22 MP: 0/0
   266 | D:1      | Reached XP level 2. HP: 25/29 MP: 1/1
   790 | D:2      | Found a radiant altar of Vehumet.
   845 | D:2      | Reached skill level 3 in Maces & Flails
   845 | D:2      | Reached XP level 3. HP: 36/36 MP: 2/2
   909 | D:2      | Reached ** piety under Trog
   965 | D:2      | Found an iron altar of Okawaru.
  1155 | D:2      | Noticed Ijyb
  1172 | D:2      | Killed Ijyb
  1172 | D:2      | Reached XP level 4. HP: 42/44 MP: 3/3
  1272 | D:2      | Found a basalt altar of Yredelemnul.
  1624 | D:3      | Reached XP level 5. HP: 45/53 MP: 4/4
  1681 | D:3      | Found a glowing drain.
  1690 | Sewer    | Entered a sewer
  1773 | Sewer    | Reached *** piety under Trog
  1859 | Sewer    | Reached skill level 4 in Dodging
  1941 | Sewer    | Reached **** piety under Trog
  2236 | D:3      | Reached XP level 6. HP: 57/61 MP: 5/5
  2470 | D:3      | Noticed Natasha
  2477 | D:3      | Killed Natasha
  3012 | D:4      | Noticed kaze's ghost (amateur HOFi)
  3027 | D:4      | Killed kaze's ghost
  3027 | D:4      | Reached XP level 7. HP: 35/68 MP: 6/6
  3058 | D:4      | Reached skill level 1 in Shields
  3133 | D:4      | Reached skill level 5 in Dodging
  3214 | D:4      | Noticed a moth of wrath
  3215 | D:4      | Noticed Sigmund
  3218 | D:4      | Found a bloodstained altar of Trog.
  3223 | D:4      | Killed Sigmund
  3223 | D:4      | Reached skill level 1 in Polearms
  3301 | D:5      | Entered Level 5 of the Dungeon
  3341 | D:5      | Found an ancient bone altar of Kikubaaqudgha.
  3648 | D:5      | Reached XP level 8. HP: 78/78 MP: 7/7
  3894 | D:5      | Reached skill level 6 in Dodging
  4145 | D:6      | Noticed bollicks1999's ghost (novice MiFi)
  4168 | D:6      | HP: 3/79 [bollicks1999's ghost (11)]
  4169 | D:6      | Mangled by bollicks1999's ghost

Action                   |  1- 3 |  4- 6 |  7- 9 || total
-------------------------+-------+-------+-------++-------
Melee: Mace              |   104 |   301 |       ||   405
       Trident           |       |    21 |   140 ||   161
Throw: Tomahawk          |       |       |     6 ||     6
Invok: Berserk           |       |     2 |     2 ||     4
       Trog's Hand       |       |     1 |     4 ||     5
  Use: Potion            |     2 |     3 |     1 ||     6
       Scroll            |       |    10 |       ||    10
 Stab: Sleeping          |     1 |     2 |       ||     3
  Eat: Chunk             |     9 |    18 |    13 ||    40
       Bread ration      |       |     1 |       ||     1
